 Dungeon Crawl Stone Soup version 0.30-b1-2-g02819fbbbe (webtiles) character file.

Game seed: 5459343850597511669

16463 dorian the Severer (level 12, -3/95 HPs)
             Began as a Formicid Fighter on May 18, 2023.
             Was a Priest of Makhleb.
             Slain by a death yak (7 damage)
             ... in an ice cave.
             The game lasted 00:17:56 (12040 turns).

dorian the Severer (Formicid Fighter)              Turns: 12040, Time: 00:17:57

Health: -3/95      AC: 15    Str: 23    XL:     12   Next: 70%
Magic:  12/12      EV: 12    Int:  9    God:    Makhleb [***...]
Gold:   639        SH: 10    Dex: 15    Spells: 11/11 levels left

rFire   . . .        a - +1 war axe
rCold   . . .        c - +0 buckler
rNeg    . . .        j - +0 plate armour
rPois   .            (helmet unavailable)
rElec   .            (no cloak)
rCorr   .            (no gloves)
SInv    +            (no boots)
Will    +....        t - amulet of reflection Stlth
                     k - +4 ring of slaying
HPRegen 0.35/turn    r - +5 ring of evasion
MPRegen 0.13/turn

%: reflection
@: no status effects
A: permanent stasis, dig shafts and tunnels, antennae 3, four strong arms
a: Dig, Renounce Religion, Minor Destruction, Lesser Servant of Makhleb


You were in an ice cave.
You worshipped Makhleb.
Makhleb was most pleased with you.
You visited 2 branches of the dungeon, and saw 13 of its levels.
You also visited: Ice Cave.

You collected 639 gold pieces.

Inventory:

Hand Weapons
 a - a +1 war axe (weapon)
 e - a +0 broad axe
 w - a +1 heavy flail
Missiles
 p - 4 boomerangs (quivered)
 u - a throwing net
Armour
 b - a +0 scale mail
 c - a +0 buckler (worn)
 j - a +0 plate armour (worn)
Jewellery
 k - a +4 ring of slaying (left hand)
 r - a +5 ring of evasion (right hand)
 s - a +6 ring of dexterity
 t - an amulet of reflection (around neck)
 z - the amulet of Reimbursement {Faith rElec rC- Regen+ Str+2}
   (You took it off a deep elf pyromancer on level 9 of the Dungeon)

   [amulet of faith]

   It allows you to gain divine favour quickly.
   Str:       It affects your strength (+2).
   rC:        It makes you vulnerable to cold.
   rElec:     It insulates you from electricity.
   Regen:     It increases your rate of health regeneration.
 F - an amulet of magic regeneration
Scrolls
 l - 2 scrolls of vulnerability
 y - a scroll of silence
 A - 4 scrolls of enchant weapon
 D - a scroll of magic mapping
 G - 2 scrolls of immolation
Potions
 d - a potion of resistance
 f - a potion of berserk rage
 g - 3 potions of haste
 h - a potion of degeneration
 i - a potion of invisibility {unknown}
 m - 3 potions of brilliance
 n - a potion of curing
 o - a potion of magic
 q - a potion of mutation {unknown}
 x - a potion of cancellation {unknown}
 B - a potion of ambrosia {unknown}
 C - a potion of flight
Miscellaneous
 E - a phial of floods


   Skills:
 - Level 9.0 Fighting
 * Level 15.0 Axes
 + Level 12.1 Armour
 - Level 4.5 Shields


You had 11 spell levels left.
You didn't know any spells.
Your spell library contained the following spells:

 Spells                   Type           Power      Damage    Failure   Level
 Ozocubu's Armour         Ice            0%         N/A       100%        3
 Portal Projectile        Hex/Tloc       0%         N/A       100%        3
 Tukima's Dance           Hex            0%         N/A       100%        3
 Summon Ice Beast         Ice/Summ       0%         N/A       100%        4
 Blade Hands              Tmut           0%         N/A       100%        5
 Metabolic Englaciation   Hex/Ice        0%         N/A       100%        5
 Summon Mana Viper        Hex/Summ       0%         N/A       100%        5
 Simulacrum               Ice/Necr       0%         N/A       100%        6
 Monstrous Menagerie      Summ           0%         N/A       100%        7


Dungeon Overview and Level Annotations

Branches:
Dungeon (13/15)            Temple (1/1) D:5             Orc (0/2) D:10
  IceCv (1/1)
   Lair: D:8-11      Vaults: D:13-14

Altars:
Ashenzari
Cheibriados
Elyvilon
Fedhas
Gozag
Hepliaklqana
Kikubaaqudgha
Makhleb
Nemelex Xobeh
Okawaru
Qazlal
Ru
Sif Muna
Trog
Uskayaw
Vehumet
Wu Jian
Xom
Yredelemnul
Zin
The Shining One

Shops:
D:1 *

Annotations:
D:3 3 runed translucent doors, discopopstar's ghost, amateur TrAr


Innate Abilities, Weirdness & Mutations

You cannot be hasted, slowed, berserked, paralysed or teleported.
You can dig through walls and to a lower floor.
You have a pair of large antennae on your head. (SInv)
Your four strong arms can wield two-handed weapons with a shield.


Message History

The death yak is almost dead.
You block the death yak's attack.
Unknown command.
You barely miss the death yak.
The death yak is almost dead.
You slash the death yak!
The death yak gores you but does no damage.
You block the death yak's attack.
Unknown command.
You slash the death yak!
You kill the death yak!
Makhleb accepts your kill.
You feel better.
You slash the death yak! You block the death yak's attack.
Your Axes skill increases to level 15!
Unknown command.
You slash the death yak!
The death yak is moderately wounded.
You hit the death yak.
The death yak is heavily wounded.
The death yak closely misses you.
You slash the death yak!
The death yak is heavily wounded.
The death yak gores you.
* * * LOW HITPOINT WARNING * * *
You barely miss the death yak.
The death yak is heavily wounded.
The death yak barely misses you.
You slash the death yak!
The death yak is severely wounded.
You block the death yak's attack.
You hit the death yak but do no damage.
The death yak is severely wounded.
You hit the death yak.
The death yak is severely wounded.
The death yak gores you!!
* * * LOW HITPOINT WARNING * * *
You slash the death yak!
The death yak is almost dead.
The death yak gores you!
You die...

{{ { { ########
##.#..@.#
#####.....#Y.#
##..∩##..####..#
#∩..####..# ..#
#....# #..## .#
#...####...# ⌠.
##†.####...## ..
#...##...### ###
#.†##...##


You could see a death yak.

Vanquished Creatures
  A fenstrider witch (shapeshifter) (D:9)
  A centaur warrior (D:9)
  2 death yaks (IceCv)
  A tengu warrior (D:9)
  2 two-headed ogres
  A skeletal warrior (D:7)
  A deep elf pyromancer (D:9)
  2 ugly things (D:9)
  4 cyclopes
  2 manticores
  Maggie (D:10)
  A komodo dragon (D:9)
  2 polar bears (IceCv)
  3 trolls
  2 hornets
  A wyvern (D:7)
  7 yaks
  A basilisk (D:7)
  Eustachio (D:4)
  A vampire mosquito (D:7)
  Edmund (D:6)
  A water moccasin (D:9)
  An orc warrior (D:6)
  Pargi (D:3)
  2 black bears
  3 ogres
  3 ice beasts (D:7)
  3 wolves (IceCv)
  4 centaurs (D:7)
  A phantom (D:5)
  3 kobold brigands
  4 bullfrogs
  6 scorpions
  A cane toad simulacrum (D:12)
  8 killer bees
  2 elephant simulacra (D:12)
  7 howler monkeys
  6 jellies
  6 orc priests
  5 hounds
  Terence (D:3)
  An iguana (D:4)
  10 orc wizards
  A spriggan simulacrum (D:12)
  A polar bear simulacrum (D:12)
  3 troll simulacra (D:12)
  6 gnolls
  12 adders
  2 white imps (D:7)
  A worm (D:2)
  2 dart slugs (D:2)
  26 orcs
  6 ball pythons
  3 bats
  9 endoplasms
  3 giant cockroaches
  6 goblins
  4 hobgoblins
  10 jackals
  4 quokkas
  4 frilled lizards
  23 kobolds
  4 rats
247 creatures vanquished.

Vanquished Creatures (others)
  A sky beast (D:7)
  A human (D:9)
  3 plants (D:2)
5 creatures vanquished.

Grand Total: 252 creatures vanquished

Notes
Turn   | Place    | Note
-------+----------+-------------------------------------------
     0 | D:1      | dorian the Formicid Fighter began the quest for the Orb.
     0 | D:1      | Reached XP level 1. HP: 18/18 MP: 1/1
    97 | D:1      | Found Memoat's General Store.
   246 | D:1      | Reached XP level 2. HP: 24/24 MP: 2/2
   584 | D:2      | Reached XP level 3. HP: 29/29 MP: 3/3
   766 | D:2      | Reached XP level 4. HP: 35/37 MP: 4/4
   795 | D:2      | Reached skill level 3 in Axes
   906 | D:2      | Reached XP level 5. HP: 26/42 MP: 5/5
  1353 | D:3      | Found a runed translucent gate.
  1353 | D:3      | Found a runed translucent gate.
  1354 | D:3      | Found a runed translucent gate.
  1394 | D:3      | Noticed discopopstar's ghost (amateur TrAr)
  1541 | D:3      | Noticed Terence
  1547 | D:3      | Killed Terence
  1548 | D:3      | Reached skill level 4 in Axes
  1583 | D:3      | Reached XP level 6. HP: 47/48 MP: 6/6
  1633 | D:3      | Noticed Pargi
  1648 | D:3      | Killed Pargi
  2222 | D:4      | Noticed Eustachio
  2268 | D:3      | Reached skill level 5 in Axes
  2268 | D:3      | Reached XP level 7. HP: 34/55 MP: 7/7
  2455 | D:4      | Killed Eustachio
  2456 | D:4      | Reached skill level 5 in Fighting
  2456 | D:4      | Reached skill level 5 in Armour
  2767 | D:4      | Found a blossoming altar of Fedhas.
  2772 | D:4      | Found a white marble altar of Elyvilon.
  2772 | D:4      | Found a shimmering blue altar of Sif Muna.
  2785 | D:4      | Found a stormy altar of Qazlal.
  2788 | D:4      | Found a shimmering altar of Xom.
  2846 | D:4      | Found an ornate altar of the Wu Jian Council.
  2945 | D:4      | Reached skill level 6 in Axes
  3050 | D:5      | Entered Level 5 of the Dungeon
  3064 | D:5      | Found a staircase to the Ecumenical Temple.
  3070 | Temple   | Entered the Ecumenical Temple
  3070 | Temple   | Found a transporter.
  3070 | Temple   | Found a transporter.
  3072 | Temple   | Found a transporter.
  3072 | Temple   | Found a transporter.
  3104 | Temple   | Became a worshipper of Makhleb the Destroyer
  3147 | D:5      | Reached XP level 8. HP: 63/63 MP: 8/8
  4065 | D:6      | Reached skill level 7 in Axes
  4302 | D:6      | Reached XP level 9. HP: 4/71 MP: 9/9
  4567 | D:6      | Reached * piety under Makhleb
  4672 | D:6      | Reached skill level 8 in Axes
  4706 | D:6      | Found a sacrificial altar of Ru.
  4826 | D:6      | Noticed Edmund
  4838 | D:6      | Killed Edmund
  5078 | D:6      | Found a glowing silver altar of Zin.
  5317 | D:7      | Noticed a manticore
  5330 | D:7      | Reached skill level 9 in Axes
  5342 | D:7      | Killed a manticore
  5374 | D:7      | Noticed a skeletal warrior
  5521 | D:7      | Noticed a troll
  5530 | D:7      | You fall into a shaft and drop 3 floors!
  5530 | D:10     | Entered Level 10 of the Dungeon
  5589 | D:10     | Found a staircase to the Orcish Mines.
  5589 | D:10     | Noticed a hornet
  5596 | D:10     | Killed a hornet
  5597 | D:10     | Reached XP level 10. HP: 58/80 MP: 10/10
  5672 | D:10     | Noticed Maggie
  5698 | D:10     | Killed Maggie
  5857 | D:10     | Reached skill level 10 in Axes
  5943 | D:9      | Found an ancient bone altar of Kikubaaqudgha.
  5986 | D:9      | Noticed a komodo dragon
  5991 | D:8      | Found an iron altar of Okawaru.
  5996 | D:8      | Found an opulent altar of Gozag.
  6050 | D:8      | Found a bloodstained altar of Trog.
  6275 | D:7      | Reached ** piety under Makhleb
  6542 | D:7      | Noticed a cyclops
  6559 | D:7      | Killed a cyclops
  6654 | D:7      | Noticed a cyclops
  6688 | D:7      | Killed a cyclops
  6689 | D:7      | Reached skill level 11 in Axes
  6970 | D:7      | Reached XP level 11. HP: 63/89 MP: 11/11
  7395 | D:7      | Killed a skeletal warrior
  7558 | D:7      | Noticed a cyclops
  7558 | D:7      | Noticed a two-headed ogre
  7577 | D:7      | Killed a two-headed ogre
  7578 | D:7      | Reached skill level 12 in Axes
  7578 | D:7      | Reached skill level 10 in Armour
  7584 | D:7      | Killed a cyclops
  8171 | D:8      | Found a glowing golden altar of the Shining One.
  8173 | D:8      | Noticed an angel
  8178 | D:8      | Found a basalt altar of Yredelemnul.
  8180 | D:8      | Noticed a profane servitor
  8903 | D:9      | Noticed a red ugly thing
  8903 | D:9      | Noticed a centaur warrior
  8922 | D:9      | Killed a red ugly thing
  8923 | D:9      | Reached skill level 13 in Axes
  9199 | D:9      | Identified the staff of poison "Zubleeci" {rPois Str+4}
  9210 | D:9      | Killed a centaur warrior
  9648 | D:9      | Noticed a cyclops
  9658 | D:9      | Killed a cyclops
  9679 | D:9      | Noticed a manticore
  9679 | D:9      | Noticed a tengu warrior
  9776 | D:9      | Killed a tengu warrior
  9777 | D:9      | Reached XP level 12. HP: 34/91 MP: 12/12
 10471 | D:9      | Noticed a fenstrider witch
 10505 | D:9      | Killed a fenstrider witch
 10506 | D:9      | Reached skill level 14 in Axes
 10864 | D:9      | Identified the amulet of Reimbursement {Faith rElec rC-
                  | Regen+ Str+2}
 11436 | D:10     | You fall into a shaft and drop 3 floors!
 11439 | D:13     | Noticed a centaur warrior
 11440 | D:13     | Noticed a centaur warrior
 11444 | D:12     | Noticed a two-headed ogre
 11458 | D:12     | Killed a two-headed ogre
 11633 | D:12     | Found a frozen archway.
 11727 | IceCv    | Entered an ice cave
 11804 | IceCv    | Reached *** piety under Makhleb
 12006 | IceCv    | Noticed a death yak
 12006 | IceCv    | Noticed a death yak
 12007 | IceCv    | Noticed a death yak
 12020 | IceCv    | Killed a death yak
 12032 | IceCv    | Killed a death yak
 12033 | IceCv    | Reached skill level 15 in Axes
 12039 | IceCv    | HP: 4/95 [death yak (21)]
 12040 | IceCv    | Slain by a death yak

Illustrated notes

Levels and vault maps discovered:
D:1:      minmay_arrival_up_and_down, layout_rooms, serial_shops,
          nicolae_shop_stone
D:2:      layout_rooms, hangedman_abyss_or_decor_lesser_grid,
          nicolae_grassy_gnolls
D:3:      layout_basic, serial_corexii_hall, corexii_hall_statues_t,
          corexii_hall_statues_x, corexii_hall_statues_i,
          corexii_hall_statues_u, gammafunk_ghost_icy, uniq_terence, uniq_pargi
D:4:      layout_cave_pools, nzn_wu_jian_council_hall,
          minmay_overflow_temple_star_hex, uniq_eustachio
D:5:      layout_basic, minmay_temple_entry_arrows, hangedman_decor_points
D:6:      layout_basic, kennysheep_mini_moat, mainiacjoe_overflow_brackets,
          uniq_edmund
D:7:      nzn_winding_woodlands_large [nzn_winding_woodlands_5x5_closed_star,
          nzn_winding_woodlands_5x15_longhouse, nzn_winding_woodlands_5x5_cross,
          nzn_winding_woodlands_center_lodge,
          nzn_winding_woodlands_15x15_thick_spiral,
          nzn_winding_woodlands_center_diamonds,
          nzn_winding_woodlands_5x5_default, nzn_winding_woodlands_5x15_pool,
          nzn_winding_woodlands_5x5_open_star], layout_loops_corners
D:8:      layout_basic, grunt_temple_overflow_holy_war,
          mainiacjoe_overflow_catwalk, mainiacjoe_overflow_small_starburst,
          mainiacjoe_overflow_alcove_4, minmay_misc_feat_plants,
          kennysheep_cross_room
D:9:      minmay_tri_box, layout_loops_ring, tgw_kikubaaqudgha
D:10:     layout_gridville, mainiacjoe_overflow_alcove_2, orc_0_dummy,
          serial_glass, glass_columns_c, glass_columns_c, blue_anna_alchemist,
          uniq_maggie
D:12:     kennysheep_ambush_hall, layout_irregular_city,
          portal_ice_cave_entry_ice_simulacra
D:13:     layout_loops_ring, erik_vaults_1, minmay_stone_trees_small,
          serial_park_tiny_pond, onia_ninara_dug_in_and_dangerous
Temple:   hellmonk_temple_divided_pantheon
IceCv:    ice_cave_caverns_03

Skill      XL: |  1  2  3  4  5  6  7  8  9 10 11 12 |
---------------+-------------------------------------+-----
Axes           | 3 4 5 6 7 9 11 13 15 | 15.0
Armour         | 4 5 6 7 9 11 12 | 12.1
Fighting       | 4 5 6 7 9 |  9.0
Shields        | |  4.5

Action                     |  1- 3 |  4- 6 |  7- 9 | 10-12 || total
---------------------------+-------+-------+-------+-------++-------
  Melee: War axe           |    79 |   132 |   231 |   455 ||   897
  Throw: Boomerang         |       |     2 |       |    19 ||    21
Ability: Dig               |       |       |     1 |     1 ||     2
         Shaft Self        |       |       |     1 |       ||     1
  Evoke: Phial of floods   |       |       |       |     1 ||     1
    Use: Scroll            |     2 |     3 |     7 |     7 ||    19
         Potion            |       |     3 |     4 |     3 ||    10
 Armour: Scale mail        |    33 |       |       |       ||    33
         Plate armour      |    18 |   102 |   106 |   159 ||   385
  Dodge: Dodged            |    36 |    54 |   104 |   202 ||   396
  Block: Buckler           |    18 |    50 |   102 |   226 ||   396
         Reflection        |       |       |     4 |    12 ||    16
